Map: Distant Plane

Players

Loken - Winner!

  • Race: Zerg Zerg
  • League: Platinum
  • Spawn Location: 1:00

dallaskuken - Winner!

  • Race: Protoss Protoss
  • League: Platinum
  • Spawn Location: 1:00

Jeroru

  • Race: Terran Terran
  • League: Diamond
  • Spawn Location: 5:00

WiKiwi

  • Race: Protoss Protoss
  • Spawn Location: 5:00

VOD

Have the link to the VOD?

Description

Time

  • Played on: March 27, 2017, 6:03 p.m.
  • Length: 14:46
Show
View Real Time Build Order
Export as new Build Order

Loken Zerg - Winner!

Build Orders: Pool First 

Get SALT Encoding   

  12  0:01  Drone  
  13  0:08  Drone  
  14  0:19  Overlord  
  14  0:36  Spawning Pool  
  14  0:38  Drone  
  14  0:42  Drone  
  15  0:45  Extractor  
  15  0:47  Drone  
  15  0:52  Drone  
  16  1:03  Drone  
  17  1:14  Drone, Extractor  
  17  1:21  Drone  
  17  1:23  Queen  
  20  1:32  Drone  
  21  1:46  Overlord  
  21  1:59  Lair  
  21  2:05  Drone  
  21  2:06  Drone  
  23  2:20  Hatchery  
  22  3:11  Spire  
  21  3:18  Overlord x2  
  21  3:38  Queen  
  21  3:39  Drone  
  24  4:26  Mutalisk  
  24  4:27  Mutalisk x5  
  24  4:30  Mutalisk  
  38  4:34  Drone  
  38  4:35  Drone x4  
  43  4:42  Drone  
  44  5:04  Metabolic Boost  
  44  5:09  Infestation Pit  
  43  5:14  Drone  
  43  5:15  Drone x8  
  43  5:17  Overlord  
  46  5:55  Zergling x20  
  56  6:22  Drone, Extractor  
  56  6:23  Drone x4, Extractor  
  56  6:25  Overlord  
  59  6:30  Hive  
  59  6:37  Zergling x2  
  60  6:49  Overlord x3  
  60  7:00  Zergling x10  
  65  7:22  Drone x4  
  69  7:23  Drone x5  
  74  7:32  Hatchery  
  73  8:06  Zergling x2  
  73  8:07  Zergling x20  
  73  8:49  Mutalisk  
  73  8:50  Mutalisk x8  
  85  9:02  Mutalisk x2  
  82  9:11  Queen  
  79  9:20  Mutalisk  
  79  9:21  Mutalisk x4  
  75  10:04  Adrenal Glands  
  75  10:09  Evolution Chamber  
  75  10:11  Evolution Chamber  
  73  10:20  Mutalisk x6  
  73  10:21  Mutalisk  
  85  10:23  Overlord  
  85  10:24  Overlord x6  
  87  10:58  Greater Spire  
  87  11:01  Zerg Melee Weapons Level 1  
  87  11:02  Zerg Ground Armor Level 1  
  87  11:09  Zergling x14  
  87  11:10  Zergling x34  
  111  11:25  Zergling x2  
  112  11:26  Zergling x14  
  117  11:55  Zergling x14  
  117  11:56  Zergling x8  
  123  13:14  Mutalisk  
  123  13:15  Mutalisk x11  
  135  13:59  Mutalisk  
  135  14:00  Mutalisk x4  
Show
View Real Time Build Order
Export as new Build Order

dallaskuken Protoss - Winner!

Build Orders: 1 Gate Expand, Forge Fast Expand (FFE) 

Get SALT Encoding   

  12  0:01  Probe (Chrono Boost)  
  13  0:11  Probe (Chrono Boost)  
  14  0:23  Probe (Chrono Boost)  
  15  0:29  Pylon  
  15  0:47  Probe (Chrono Boost)  
  15  0:48  Forge  
  16  0:56  Gateway  
  16  0:59  Probe (Chrono Boost)  
  17  1:10  Probe (Chrono Boost)  
  18  1:20  Probe (Chrono Boost)  
  19  1:32  Nexus  
  19  1:36  Probe (Chrono Boost)  
  19  1:39  Assimilator  
  20  1:48  Pylon  
  20  1:52  Probe (Chrono Boost)  
  21  1:57  Zealot  
  23  2:06  Probe (Chrono Boost)  
  24  2:09  Photon Cannon  
  24  2:15  Assimilator  
  24  2:27  Cybernetics Core  
  24  2:32  Pylon  
  21  3:07  Probe (Chrono Boost)  
  21  3:10  Probe (Chrono Boost)  
  23  3:12  Stalker  
  23  3:17  Probe (Chrono Boost)  
  26  3:20  Probe (Chrono Boost)  
  26  3:28  Probe (Chrono Boost)  
  26  3:31  Probe (Chrono Boost)  
  27  3:38  Probe (Chrono Boost)  
  26  3:42  Stalker, Probe (Chrono Boost)  
  29  3:49  Probe (Chrono Boost)  
  29  3:52  Probe (Chrono Boost)  
  30  3:59  Probe (Chrono Boost)  
  30  4:02  Warp Gate  
  32  4:03  Probe (Chrono Boost)  
  33  4:10  Probe (Chrono Boost)  
  33  4:14  Probe (Chrono Boost)  
  34  4:20  Probe (Chrono Boost)  
  35  4:26  Pylon  
  38  4:31  Mothership Core (Chrono Boost), Probe (Chrono Boost)  
  38  4:32  Stalker  
  40  4:43  Probe (Chrono Boost)  
  41  4:49  Probe (Chrono Boost)  
  41  4:50  Twilight Council  
  42  4:55  Gateway, Probe (Chrono Boost)  
  42  4:57  Gateway  
  43  5:03  Gateway  
  44  5:07  Probe (Chrono Boost)  
  44  5:20  Probe (Chrono Boost)  
  45  5:25  Protoss Ground Weapons Level 1  
  45  5:29  Assimilator  
  45  5:32  Probe (Chrono Boost)  
  45  5:33  Assimilator, Blink  
  46  5:42  Probe (Chrono Boost)  
  48  5:44  Probe (Chrono Boost)  
  48  5:52  Probe (Chrono Boost)  
  48  5:56  Probe (Chrono Boost)  
  50  6:03  Probe (Chrono Boost)  
  51  6:08  Probe (Chrono Boost)  
  52  6:13  Probe (Chrono Boost)  
  52  6:15  Pylon  
  53  6:20  Probe (Chrono Boost)  
  53  6:21  Stalker x3  
  53  6:22  Photon Cannon  
  53  6:23  Stalker  
  62  6:28  Pylon  
  62  6:32  Pylon  
  62  6:33  Probe (Chrono Boost)  
  62  6:34  Probe (Chrono Boost)  
  64  6:49  Stalker x3  
  64  6:50  Stalker  
  72  7:19  Templar Archives  
  72  7:21  Protoss Ground Weapons Level 2  
  72  7:23  Stalker x3  
  72  7:24  Stalker  
  66  8:36  Stalker x2  
  66  8:37  Stalker x2  
  74  8:57  Gateway  
  74  8:58  Gateway  
  74  9:01  Gateway  
  60  9:44  Stalker  
  60  9:45  Stalker x3  
  64  10:11  High Templar x5  
  64  10:12  High Templar x2  
  78  10:16  Archon x3  
  78  10:48  High Templar x2  
  78  10:49  High Templar x2  
  86  10:55  Protoss Ground Weapons Level 3  
  86  11:00  Pylon x2  
  86  11:01  Pylon  
  86  11:03  Pylon  
  86  11:04  Archon x2  
  86  11:29  Stalker x2  
  86  11:30  Stalker x2  
  86  11:32  Sentry x2  
  98  11:52  Nexus  
  78  12:34  Stalker x2  
  78  12:35  Stalker x4  
  78  12:36  Stalker  
  60  13:51  Probe (Chrono Boost)  
  60  13:53  Stalker x2  
  60  13:54  Stalker x2  
  60  13:55  Stalker x3  
  73  14:02  Probe (Chrono Boost)  
Show
View Real Time Build Order
Export as new Build Order

Jeroru Terran 

Build Orders:  

Get SALT Encoding   

  12  0:02  SCV  
  13  0:23  SCV, Supply Depot  
  14  0:38  SCV  
  14  0:41  Refinery  
  15  0:47  Barracks  
  15  0:50  SCV  
  16  1:03  SCV  
  17  1:15  SCV  
  18  1:27  SCV  
  18  1:31  Refinery  
  19  1:35  Reaper  
  19  1:36  Supply Depot  
  19  1:39  SCV  
  21  1:51  SCV  
  22  2:03  Factory, SCV  
  23  2:13  Barracks Reactor  
  23  2:15  SCV  
  24  2:27  SCV  
  25  3:11  Marine x2  
  27  3:13  Starport  
  27  3:28  Marine  
  27  3:29  Marine  
  29  3:46  Marine  
  29  3:47  Marine  
  31  4:04  Marine  
  31  4:06  Marine  
  30  4:20  Factory Reactor  
  30  4:22  Marine  
  31  4:42  Refinery  
  31  4:43  Command Center  
  31  4:47  Supply Depot  
  31  5:08  SCV  
  31  5:09  Medivac x2  
  36  5:16  Supply Depot  
  36  5:21  SCV  
  32  5:33  SCV  
  30  5:44  Engineering Bay  
  30  5:45  SCV  
  30  5:48  Marine x2  
  33  5:56  Viking x2  
  35  5:57  SCV  
  35  6:06  Marine x2  
  35  6:10  Orbital Command  
  36  6:24  Marine x2  
  38  6:28  Missile Turret  
  38  6:32  Missile Turret  
  38  6:37  Missile Turret  
  38  6:41  Marine x2  
  40  6:48  Medivac  
  40  6:50  Medivac  
  44  6:59  Marine  
  45  7:10  Marine  
  45  7:15  Barracks  
  46  7:17  Marine  
  46  7:18  Medivac  
  49  7:28  Marine  
  50  7:31  Supply Depot  
  50  7:35  Marine  
  51  7:38  SCV  
  52  7:45  Marine  
  53  7:53  Marine  
  53  7:54  Supply Depot  
  54  8:01  Factory  
  54  8:03  Marine  
  54  8:10  Marine  
  32  9:58  Marine x2  
  24  10:07  Barracks Reactor  
  24  10:15  Barracks  
  24  10:16  Marine x2  
  26  10:34  Marine x2, Command Center  
  28  10:46  Factory Tech Lab  
  28  10:52  Marine x2  
  30  10:59  Supply Depot  
  29  11:22  Siege Tank  
  29  11:24  Supply Depot  
  32  11:25  Medivac x2  
  27  11:46  Missile Turret  
  27  11:48  Supply Depot  
  27  11:54  Siege Tank  
  27  11:55  Medivac x2  
  34  12:12  Supply Depot  
  29  12:17  Marine x2  
  31  12:25  Marine  
  31  12:26  Marine, Siege Tank  
  36  12:35  Marine x2  
  38  12:43  Marine  
  31  12:50  Marine  
  28  12:53  Marine x2  
  30  13:08  Marine  
  12  14:18  Command Center  
Show
View Real Time Build Order
Export as new Build Order

WiKiwi Protoss 

Build Orders: Zealot Archon 

Get SALT Encoding   

  12  0:05  Probe (Chrono Boost)  
  13  0:15  Assimilator  
  13  0:24  Pylon  
  13  0:27  Probe (Chrono Boost)  
  14  0:37  Probe (Chrono Boost)  
  15  0:48  Probe (Chrono Boost)  
  16  0:51  Gateway  
  16  0:58  Probe (Chrono Boost)  
  17  1:11  Probe (Chrono Boost)  
  18  1:26  Pylon  
  18  1:31  Probe (Chrono Boost)  
  19  1:41  Probe (Chrono Boost)  
  20  1:51  Cybernetics Core  
  20  1:52  Probe (Chrono Boost)  
  21  2:01  Pylon  
  21  2:10  Assimilator  
  21  2:43  Warp Gate  
  21  3:21  Gateway  
  23  3:30  Mothership Core (Chrono Boost)  
  23  3:34  Nexus  
  23  3:40  Pylon  
  23  4:00  Adept  
  25  4:07  Twilight Council  
  25  4:14  Gateway  
  25  4:24  Gateway  
  25  4:27  Adept  
  25  4:30  Forge  
  27  4:34  Pylon  
  27  4:54  Charge  
  27  5:00  Dark Shrine  
  27  5:13  Probe (Chrono Boost)  
  28  5:14  Probe (Chrono Boost)  
  28  5:19  Photon Cannon  
  29  5:23  Gateway  
  29  5:25  Probe x2 (Chrono Boost)  
  32  5:35  Probe (Chrono Boost)  
  32  5:42  Stalker  
  34  5:43  Stalker  
  34  5:45  Stalker  
  34  5:46  Probe (Chrono Boost)  
  34  5:47  Stalker  
  41  5:56  Probe (Chrono Boost)  
  42  6:05  Pylon  
  42  6:14  Dark Templar  
  42  6:15  Dark Templar  
  46  6:20  Archon  
  46  6:42  Photon Cannon  
  46  6:46  Photon Cannon  
  46  6:50  Stalker  
  46  6:51  Stalker, Zealot  
  46  6:52  Zealot  
  46  6:53  Zealot  
  56  7:03  Protoss Ground Weapons Level 1  
  56  7:13  Zealot x2  
  56  7:14  Zealot  
  56  7:15  Zealot x2  
  66  7:22  Probe (Chrono Boost)  
  67  7:26  Assimilator  
  67  7:34  Probe (Chrono Boost)  
  68  7:38  Dark Templar  
  68  7:39  Dark Templar  
  72  7:46  Probe (Chrono Boost)  
  72  7:48  Archon  
  74  7:58  Probe (Chrono Boost)  
  74  8:10  Probe (Chrono Boost)  
  73  8:38  Pylon  
  73  8:43  Protoss Ground Armor Level 1  
  71  8:51  Probe (Chrono Boost)  
  61  9:00  Zealot  
  61  9:01  Zealot x2  
  61  9:02  Zealot x2  
  70  9:03  Probe (Chrono Boost)  
  70  9:15  Probe (Chrono Boost)  
  61  9:27  Probe (Chrono Boost)  
  55  9:39  Probe (Chrono Boost)  
  53  9:48  Zealot  
  53  9:49  Zealot x3  
  53  9:50  Zealot  
  63  10:09  Zealot  
  63  10:10  Zealot x2  
  69  10:17  Dark Templar  
  71  10:48  Zealot  
  71  10:49  Zealot  
  75  10:50  Stalker  
  77  10:59  Robotics Facility  
  77  11:03  Pylon  
  77  11:09  Pylon  
  77  11:11  Photon Cannon  
  77  11:30  Probe (Chrono Boost)  
  78  11:42  Probe (Chrono Boost)  
  75  12:04  Stalker  
  75  12:05  Stalker x2  
  75  12:06  Stalker x2  
  27  13:06  Dark Templar  
  27  13:07  Dark Templar  
  27  13:08  Dark Templar  
  9  14:15  Nexus  
Tags
 
Add a new tag
Caveats
  • Supply blocks, unpowered buildings, or Contaminate may cause inaccurate times.
  • Supply counts are checked every 10 seconds.